PAAA
PLYMOUTH ROCKS @ BAKERSFIELD NOBLES
08/31/2033
 
TOP OF THE 1ST
Plymouth Rocks batting - Pitching for Bakersfield Nobles : RHP Cameron Frye
Pitching: RHP Cameron Frye
Batting: RHB Ernesto Trevino 0-0: Ground out 5-3 (Groundball, 56S)
Batting: LHB Octávio Ontiveros 0-0: Ball
1-0: Ball
2-0: Called Strike
2-1: Ground out 4-3 (Groundball, 4MD)
Batting: LHB Adrian McCoy 0-0: Ball
1-0: Foul Ball, location: 2F
1-1: Ball
2-1: Ball
3-1: Base on Balls
Batting: RHB Xi-ku See-to 0-0: Called Strike
0-1: Ball
1-1: Called Strike
1-2: SINGLE (Line Drive, 6)
Adrian McCoy to second
Batting: SHB Javier Vega 0-0: Fly out, F6 (Popup, 6MS)
Top of the 1st over - 0 runs, 1 hit, 0 errors, 2 left on base; Plymouth 0 - Bakersfield 0
BOTTOM OF THE 1ST
Bakersfield Nobles batting - Pitching for Plymouth Rocks : RHP Alejandro Ramírez
Pitching: RHP Alejandro Ramírez
Batting: SHB Fernando Luna 0-0: Called Strike
0-1: Ball
1-1: Ball
2-1: Ball
3-1: Swinging Strike
3-2: Strikes out swinging
Batting: RHB Juan Tellado 0-0: Foul Ball, location: 2F
0-1: Called Strike
0-2: Foul Ball, location: 2F
0-2: Strikes out looking
Batting: SHB Edward Sterrenburg 0-0: Called Strike
0-1: Foul Ball, location: 2F
0-2: Fly out, F9 (Flyball, 89S)
Bottom of the 1st over - 0 runs, 0 hits, 0 errors, 0 left on base; Plymouth 0 - Bakersfield 0
TOP OF THE 2ND
Plymouth Rocks batting - Pitching for Bakersfield Nobles : RHP Cameron Frye
Batting: RHB José Santos 0-0: Foul Ball, location: 2F
0-1: Ball
1-1: Foul Ball, location: 2F
1-2: Strikes out swinging
Batting: LHB Edgardo De Jesús 0-0: Ball
1-0: Called Strike
1-1: Called Strike
1-2: Ground out U3 (Groundball, 34)
Batting: RHB Chang-lit Min 0-0: Fly out, F9 (Flyball, 9D)
Top of the 2nd over - 0 runs, 0 hits, 0 errors, 0 left on base; Plymouth 0 - Bakersfield 0
BOTTOM OF THE 2ND
Bakersfield Nobles batting - Pitching for Plymouth Rocks : RHP Alejandro Ramírez
Batting: RHB Terry Armstrong 0-0: Called Strike
0-1: Ball
1-1: SINGLE (Groundball, 6MD)
Batting: LHB Melvin Castro 0-0: Ball
1-0: Ball
2-0: Called Strike
2-1: Ball
3-1: Foul Ball, location: 2F
3-2: Ground out U3 (Groundball, 34S)
Terry Armstrong to second
Batting: LHB Hideki Hisanobu 0-0: Ball
1-0: Foul Ball, location: 2F
1-1: Foul Ball, location: 2F
1-2: Ground out 5-3 (Groundball, 56S)
Terry Armstrong to third
Batting: RHB Dennis Wacher 0-0: Ball
1-0: SINGLE (Line Drive, 78S)
Terry Armstrong scores
Batting: RHB Pedro Hernández 0-0: Ball
1-0: Foul Ball, location: 2F
1-1: Foul Ball, location: 2F
1-2: Ball
2-2: Fly out, F8 (Line Drive, 78D)
Bottom of the 2nd over - 1 run, 2 hits, 0 errors, 1 left on base; Plymouth 0 - Bakersfield 1
TOP OF THE 3RD
Plymouth Rocks batting - Pitching for Bakersfield Nobles : RHP Cameron Frye
Batting: LHB Dae-ik Park 0-0: Swinging Strike
0-1: Swinging Strike
0-2: Ground out 4-3 (Groundball, 4)
Batting: RHB Ernesto Trevino 0-0: Ball
1-0: Ball
2-0: Ball
3-0: Called Strike
3-1: SINGLE (Line Drive, 56)
Batting: LHB Octávio Ontiveros 0-0: Foul Ball, location: 2F
0-1: Ball
Ernesto Trevino is caught stealing 2nd base
1-1: Foul Ball, location: 2F
1-2: Strikes out swinging
Top of the 3rd over - 0 runs, 1 hit, 0 errors, 0 left on base; Plymouth 0 - Bakersfield 1
BOTTOM OF THE 3RD
Bakersfield Nobles batting - Pitching for Plymouth Rocks : RHP Alejandro Ramírez
Batting: RHB Yu-shu Kang 0-0: Ball
1-0: Called Strike
1-1: Foul Ball, location: 2F
1-2: Strikes out swinging
Batting: SHB Fernando Luna 0-0: Swinging Strike
0-1: Called Strike
0-2: Ball
1-2: Foul Ball, location: 2F
1-2: SINGLE (Flyball, 89M)
Batting: RHB Juan Tellado 0-0: SINGLE (Groundball, 6) (infield hit)
Fernando Luna to second
Batting: SHB Edward Sterrenburg 0-0: Foul Ball, location: 2F
0-1: Called Strike
0-2: Grounds into double play, 5-4-3 (Groundball, 56)
Bottom of the 3rd over - 0 runs, 2 hits, 0 errors, 1 left on base; Plymouth 0 - Bakersfield 1
TOP OF THE 4TH
Plymouth Rocks batting - Pitching for Bakersfield Nobles : RHP Cameron Frye
Batting: LHB Adrian McCoy 0-0: Ball
1-0: Ball
2-0: SOLO HOME RUN (Flyball, 9LD), Distance : 335 ft
Batting: RHB Xi-ku See-to 0-0: Ball
1-0: Ground out 5-3 (Groundball, 56S)
Batting: SHB Javier Vega 0-0: Ground out 3-1 (Groundball, 23)
Batting: RHB José Santos 0-0: Ball
1-0: Called Strike
1-1: Ground out 6-3 (Groundball, 6)
Top of the 4th over - 1 run, 1 hit, 0 errors, 0 left on base; Plymouth 1 - Bakersfield 1
BOTTOM OF THE 4TH
Bakersfield Nobles batting - Pitching for Plymouth Rocks : RHP Alejandro Ramírez
Batting: RHB Terry Armstrong 0-0: Called Strike
0-1: SINGLE (Line Drive, 56D)
Batting: LHB Melvin Castro 0-0: Ball
1-0: Ball
2-0: Called Strike
2-1: Ball
3-1: Base on Balls
Terry Armstrong to second
Batting: LHB Hideki Hisanobu 0-0: Ball
1-0: Ball
2-0: Foul Ball, location: 2F
2-1: Ball
3-1: Base on Balls
Terry Armstrong to third
Melvin Castro to second
Batting: RHB Dennis Wacher 0-0: Ball
1-0: Called Strike
1-1: Grounds into double play, 6-4-3 (Groundball, 6M)
Terry Armstrong scores
Melvin Castro to third
Batting: RHB Pedro Hernández 0-0: 2-RUN HOME RUN (Flyball, 7LD), Distance : 361 ft
Batting: RHB Yu-shu Kang 0-0: Ball
1-0: Ball
2-0: Ball
3-0: Base on Balls
Batting: SHB Fernando Luna 0-0: Ball
1-0: Foul Ball, location: 2F
1-1: Ball
2-1: Ball
3-1: SINGLE (Line Drive, 8LS)
Yu-shu Kang to second
Batting: RHB Juan Tellado 0-0: Called Strike
0-1: Fielders Choice at 2nd, 5-4 (Groundball, 56)
Bottom of the 4th over - 3 runs, 3 hits, 0 errors, 2 left on base; Plymouth 1 - Bakersfield 4
TOP OF THE 5TH
Plymouth Rocks batting - Pitching for Bakersfield Nobles : RHP Cameron Frye
Batting: LHB Edgardo De Jesús 0-0: Called Strike
0-1: Ball
1-1: Ground out 6-3 (Groundball, 6S)
Batting: RHB Chang-lit Min 0-0: Called Strike
0-1: Ball
1-1: Called Strike
1-2: Ball
2-2: SINGLE (Flyball, 5D)
Batting: LHB Dae-ik Park 0-0: Swinging Strike
0-1: Ball
1-1: Ball
2-1: 2-RUN HOME RUN (Flyball, 9LD), Distance : 335 ft
Batting: RHB Ernesto Trevino 0-0: Called Strike
0-1: Called Strike
0-2: Ball
1-2: Ball
2-2: Strikes out swinging
Batting: LHB Octávio Ontiveros 0-0: Ground out 4-3 (Groundball, 4D)
Top of the 5th over - 2 runs, 2 hits, 0 errors, 0 left on base; Plymouth 3 - Bakersfield 4
BOTTOM OF THE 5TH
Bakersfield Nobles batting - Pitching for Plymouth Rocks : RHP Alejandro Ramírez
Batting: SHB Edward Sterrenburg 0-0: Foul Ball, location: 2F
0-1: SINGLE (Flyball, 8LS)
Batting: RHB Terry Armstrong 0-0: Foul Ball, location: 2F
0-1: Ball
1-1: Grounds into double play, 6-4-3 (Groundball, 6)
Batting: LHB Melvin Castro 0-0: Called Strike
0-1: Ball
1-1: Called Strike
1-2: DOUBLE (Line Drive, 89D)
Batting: LHB Hideki Hisanobu 0-0: Called Strike
0-1: Fly out, F6 (Line Drive, 6)
Bottom of the 5th over - 0 runs, 2 hits, 0 errors, 1 left on base; Plymouth 3 - Bakersfield 4
TOP OF THE 6TH
Plymouth Rocks batting - Pitching for Bakersfield Nobles : RHP Cameron Frye
Pitching: RHP Rick Converse
Batting: LHB Adrian McCoy 0-0: Called Strike
0-1: Called Strike
0-2: Ball
1-2: Strikes out looking
Batting: RHB Xi-ku See-to 0-0: Called Strike
0-1: SINGLE (Groundball, 4MD)
Batting: SHB Javier Vega 0-0: Called Strike
0-1: Grounds into double play, 6-4-3 (Groundball, 6)
Top of the 6th over - 0 runs, 1 hit, 0 errors, 0 left on base; Plymouth 3 - Bakersfield 4
BOTTOM OF THE 6TH
Bakersfield Nobles batting - Pitching for Plymouth Rocks : RHP Alejandro Ramírez
Batting: RHB Dennis Wacher 0-0: Fly out, F7 (Flyball, 78M)
Batting: RHB Pedro Hernández 0-0: Called Strike
0-1: Swinging Strike
0-2: Ball
1-2: Ball
2-2: Strikes out swinging
Batting: RHB Yu-shu Kang 0-0: Reached on error, E7 (Flyball, 7S)
Batting: SHB Fernando Luna 0-0: Foul Ball, location: 2F
0-1: SINGLE (Line Drive, 89S)
Yu-shu Kang to third
Runner from 3rd tries for Home, SAFE, no throw
Batting: RHB Juan Tellado 0-0: Ball
1-0: Foul Ball, location: 2F
1-1: Fielders Choice at 2nd, 6-4 (Groundball, 6D)
Bottom of the 6th over - 1 run, 1 hit, 1 error, 1 left on base; Plymouth 3 - Bakersfield 5
TOP OF THE 7TH
Plymouth Rocks batting - Pitching for Bakersfield Nobles : RHP Rick Converse
Batting: RHB José Santos 0-0: Swinging Strike
0-1: Ball
1-1: Ball
2-1: Foul Ball, location: 2F
2-2: Ball
3-2: Base on Balls
Batting: LHB Edgardo De Jesús 0-0: Sac Bunt - play at first, batter OUT! 1-3
José Santos to second
Batting: RHB Chang-lit Min 0-0: Foul Ball, location: 2F
0-1: Swinging Strike
0-2: Strikes out looking
Batting: LHB Dae-ik Park 0-0: Ground out 1-3 (Groundball, 15)
Top of the 7th over - 0 runs, 0 hits, 0 errors, 1 left on base; Plymouth 3 - Bakersfield 5
BOTTOM OF THE 7TH
Bakersfield Nobles batting - Pitching for Plymouth Rocks : RHP Alejandro Ramírez
Batting: SHB Edward Sterrenburg 0-0: Foul Ball, location: 2F
0-1: Called Strike
0-2: Strikes out swinging
Batting: RHB Terry Armstrong 0-0: Called Strike
0-1: Ball
1-1: Ball
2-1: Ball
3-1: Base on Balls
Batting: LHB Melvin Castro 0-0: Ball
1-0: Called Strike
1-1: Called Strike
1-2: Ball
2-2: Foul Ball, location: 2F
2-2: Foul Ball, location: 2F
2-2: Ball
3-2: 2-RUN HOME RUN (Flyball, 9D), Distance : 369 ft
Pitching: LHP Rio Bavin
Batting: LHB Hideki Hisanobu 0-0: Ball
1-0: Called Strike
1-1: Called Strike
1-2: Foul Ball, location: 2F
1-2: Foul Ball, location: 2F
1-2: Ball
2-2: Ball
3-2: Strikes out swinging
Batting: RHB Dennis Wacher 0-0: Foul Ball, location: 2F
0-1: Ground out 5-3 (Groundball, 56S)
Bottom of the 7th over - 2 runs, 1 hit, 0 errors, 0 left on base; Plymouth 3 - Bakersfield 7
TOP OF THE 8TH
Plymouth Rocks batting - Pitching for Bakersfield Nobles : RHP Rick Converse
Batting: RHB Ernesto Trevino 0-0: Ball
1-0: Ball
2-0: Fly out, F7 (Flyball, 7D)
Pitching: RHP José Sauls
Batting: LHB Octávio Ontiveros 0-0: Ball
1-0: Called Strike
1-1: Ball
2-1: Foul Ball, location: 2F
2-2: Ground out 4-3 (Groundball, 4)
Batting: LHB Adrian McCoy 0-0: Ball
1-0: Ball
2-0: Foul Ball, location: 2F
2-1: Ball
3-1: Foul Ball, location: 2F
3-2: Strikes out swinging
Top of the 8th over - 0 runs, 0 hits, 0 errors, 0 left on base; Plymouth 3 - Bakersfield 7
BOTTOM OF THE 8TH
Bakersfield Nobles batting - Pitching for Plymouth Rocks : LHP Rio Bavin
Batting: RHB Pedro Hernández 0-0: Ball
1-0: Ball
2-0: Ball
3-0: Called Strike
3-1: Called Strike
3-2: Base on Balls
Batting: RHB Yu-shu Kang 0-0: Fielders Choice at 2nd, 6-4 (Groundball, 6)
Batting: SHB Fernando Luna 0-0: Swinging Strike
0-1: Ball
Pickoff Throw to First - Error! E1
Yu-shu Kang to second
1-1: Swinging Strike
1-2: Ball
2-2: Strikes out swinging
Batting: RHB Juan Tellado 0-0: Ball
1-0: Swinging Strike
1-1: Fly out, F6 (Popup, 6D)
Bottom of the 8th over - 0 runs, 0 hits, 1 error, 1 left on base; Plymouth 3 - Bakersfield 7
TOP OF THE 9TH
Plymouth Rocks batting - Pitching for Bakersfield Nobles : RHP José Sauls
Batting: RHB Xi-ku See-to 0-0: Ball
1-0: Foul Ball, location: 2F
1-1: Swinging Strike
1-2: Foul Ball, location: 2F
1-2: Foul Ball, location: 2F
1-2: Ball
2-2: Strikes out swinging
Batting: SHB Javier Vega 0-0: Ball
1-0: Fly out, F6 (Line Drive, 6)
Batting: RHB José Santos 0-0: Called Strike
0-1: Foul Ball, location: 2F
0-2: Ball
1-2: SINGLE (Groundball, P) (infield hit)
Batting: LHB Edgardo De Jesús 0-0: SINGLE (Groundball, 6) (infield hit)
José Santos to second
Batting: RHB Chang-lit Min 0-0: Foul Ball, location: 2F
0-1: Called Strike
0-2: Ball
1-2: Ball
2-2: Strikes out looking
Top of the 9th over - 0 runs, 2 hits, 0 errors, 2 left on base; Plymouth 3 - Bakersfield 7
Saturday, December 22nd, 2018 - OOTP Baseball 18.8 Build 76